 Dungeon Crawl Stone Soup version 0.22.1-2-g9c5b331383 (webtiles) character file.

163 LLavrengius the Ruffian (level 5, -1/37 HPs)
             Began as an Octopode Fighter on Nov 15, 2018.
             Slain by Pikel
             ... wielding a +1 whip of electrocution
              (19 damage)
             ... on level 4 of the Dungeon.
             The game lasted 00:07:39 (2709 turns).

LLavrengius the Ruffian (Octopode Fighter)          Turns: 2709, Time: 00:07:41

Health: -1/37      AC:  1    Str: 15    XL:     5   Next: 44%
Magic:  5/5        EV: 11    Int: 12    God:
Gold:   177        SH:  9    Dex: 11    Spells: 4/4 levels left

rFire    . . .     SeeInvis .     - Unarmed
rCold    . . .     Gourm    .   a - +0 shield
rNeg     . . .     Faith    .   (helmet restricted)
rPois    .         Spirit   .   (no amulet)
rElec    .         Reflect  .   (no ring)
rCorr    .         Harm     .   (no ring)
MR       .....                  (no ring)
Stlth    ++........             (no ring)
HPRegen  0.12/turn              (no ring)
MPRegen  0.09/turn              (no ring)
                                (no ring)
                                (no ring)

@: no status effects
A: almost no armour, stealthy swim, amphibious, 8 rings, constrict 8, camouflage
1, gelatinous body 1
a: no special abilities


You were on level 4 of the Dungeon.
You were hungry.

You visited 1 branch of the dungeon, and saw 4 of its levels.

You collected 177 gold pieces.

Inventory:

Hand Weapons
 q - a cursed -1 blowgun
Missiles
 r - 20 poisoned needles
Armour
 a - a +0 shield (worn)
Wands
 h - a wand of iceblast (10)
Scrolls
 f - a scroll of blinking {unknown}
 g - a scroll of fear {unknown}
 i - 3 scrolls of identify {unknown}
 m - a scroll of amnesia {unknown}
 p - 3 scrolls of remove curse {unknown}
 s - 3 scrolls of teleportation {unknown}
 u - 2 scrolls of fog {unknown}
Potions
 b - 3 potions of might
 d - a potion of mutation {unknown}
 e - a potion of curing {unknown}
 j - a potion of cancellation {unknown}
 k - 2 potions of magic {unknown}
 l - a potion of lignification {unknown}
 n - 3 potions of haste {unknown}
 o - a potion of agility {unknown}
Comestibles
 c - 7 rations
 t - 3 chunks of flesh


   Skills:
 + Level 3.9 Fighting
 - Level 3.0 Dodging
 + Level 3.9 Shields
 * Level 4.1 Unarmed Combat


You had 4 spell levels left.
You didn't know any spells.
Your spell library was empty.

Dungeon Overview and Level Annotations

Branches:
Dungeon (4/15)
 Temple: D:4-7

Altars:
Gozag
Qazlal

Annotations:
D:4 Pikel


Innate Abilities, Weirdness & Mutations

You cannot wear most types of armour.
You are very stealthy in the water. (Stealth+)
You are amphibious.
You can wear up to eight rings at the same time.
You can use your tentacles to constrict eight enemies at once.
Your skin changes colour to match your surroundings (Stealth+).
Your rubbery body absorbs attacks. (AC +1, EV +1)


Message History

Pikel says, "You'll feel the lick of my whip!"
You tentacle-slap the slave. You squeeze the slave.
The slave is almost dead.
You constrict the slave. The slave barely misses you.
You tentacle-slap the slave.
You kill the slave!
That felt strangely unrewarding.
An ice beast comes into view.
Pikel hits you with a whip of electrocution.
There is a stone staircase leading up here.
You tentacle-slap Pikel but do no damage.
Your grab misses Pikel. You squeeze Pikel.
Pikel is lightly wounded.
You barely miss Pikel. You grab Pikel.
Pikel is lightly wounded.
You constrict Pikel, but do no damage.
Pikel hits you with a whip of electrocution!
You are electrocuted!
Ouch! That really hurt!
You die...

. .._ . ### ###
.. #. #.# #.# p.
#.## #.# #@# #.
#..####.# #K# #.
#.#.....###p#
#.##.###.pYpp...#
##.p.# ##.#######
...p## ##.#
####.## ##.##
##p###p## ##.#.##


You could see Pikel and a slave.

Vanquished Creatures
  A slave (D:4)
  Terence (D:2)
  2 worker ants (D:4)
  A gnoll (D:1)
  An adder (D:3)
  A shadow imp (D:2)
  3 dart slugs (D:1)
  A leopard gecko (D:1)
  6 bats
  A bat zombie (D:1)
  7 giant cockroaches
  5 goblins
  9 hobgoblins
  4 kobolds
  A quokka (D:2)
  A ball python (D:1)
  5 frilled lizards
  A giant cockroach zombie (D:1)
  7 rats
58 creatures vanquished.

Notes
Turn   | Place    | Note
-------+----------+-------------------------------------------
     0 | D:1      | LLavrengius the Octopode Fighter began the quest for the
                  | Orb.
     0 | D:1      | Reached XP level 1. HP: 16/16 MP: 1/1
   322 | D:1      | Reached XP level 2. HP: 13/21 MP: 2/2
   482 | D:1      | Reached XP level 3. HP: 16/26 MP: 3/3
   885 | D:1      | Reached skill level 3 in Unarmed Combat
  1475 | D:2      | Reached XP level 4. HP: 31/31 MP: 4/4
  1485 | D:2      | Noticed Terence
  1493 | D:2      | Killed Terence
  1633 | D:2      | Found an opulent altar of Gozag.
  2502 | D:3      | Reached XP level 5. HP: 37/37 MP: 5/5
  2678 | D:4      | Found a stormy altar of Qazlal.
  2678 | D:4      | Noticed a slave
  2678 | D:4      | Noticed a slave
  2679 | D:4      | Noticed Pikel
  2681 | D:4      | Noticed a slave
  2682 | D:4      | Noticed a slave
  2684 | D:4      | Reached skill level 4 in Unarmed Combat
  2693 | D:4      | Killed a slave
  2698 | D:4      | Noticed an ice beast
  2709 | D:4      | Slain by Pikel

Skill      XL: |  1  2  3  4  5 |
---------------+----------------+-----
Unarmed Combat | 3 4 |  4.1
Fighting       | |  3.9
Dodging        | |  3.0
Shields        | |  3.9

Action                   |  1- 3 |  4- 6 || total
-------------------------+-------+-------++-------
Melee: Unarmed           |    68 |    50 ||   118
       Constrict         |    24 |    17 ||    41
       Tentacles         |    18 |    13 ||    31
       Punch             |       |     1 ||     1
 Stab: Sleeping          |     5 |     3 ||     8
       Distracted        |     2 |       ||     2
  Eat: Chunk             |     2 |     3 ||     5
Armor: Skin              |     5 |     3 ||     8
Dodge: Dodged            |    30 |    15 ||    45
Block: Shield            |    20 |    15 ||    35
